 Dungeon Sprint DCSS version 0.19.0-23-gf02e663 (webtiles) character file.

8600000 Groucho the Axe Maniac (level 27, -30/270 (273) HPs)
             Began as a Pale Draconian Berserker on Nov 19, 2016.
             Was the Champion of Makhleb.
             Annihilated by a meat berserker
             ... wielding a +9 battleaxe
              (36 damage)
             ... in the Dungeon (Sprint VIII: "Arena of Blood").
             The game lasted 00:03:05 (86 turns).

Groucho the Axe Maniac (Pale Draconian Berserker)     Turns: 86, Time: 00:03:06

HP:   -30/270 (273) AC: 13    Str: 20    XL:     27
MP:   32/54         EV: 36    Int:  9    God:    Makhleb [******]
Gold: 0             SH:  0    Dex: 22    Spells: 0 memorised, 80 levels left

rFire  . . .     SeeInvis .     i - +∞ Axe of Woe
rCold  . . .     Gourm    .     (armour unavailable)
rNeg   . . .     Faith    .     (shield currently unavailable)
rPois  .         Spirit   .     (helmet restricted)
rElec  .         Reflect  .     (no cloak)
rCorr  .         Harm     .     (no gloves)
MR     ++...     NoTele   +     (no boots)
Stlth  +++++++++.               (no amulet)
                                (no ring)
                                (no ring)

@: no status effects
A: breathe steam, unfitting armour, cold-blooded, AC +13
a: Breathe Steam, Minor Destruction, Lesser Servant of Makhleb, Major
Destruction, Greater Servant of Makhleb, Renounce Religion


You were in the Dungeon.
You worshipped Makhleb.
Makhleb was exalted by your worship.
You were not hungry.

You visited 1 branch

Inventory:

Hand Weapons
 a - a +0 hand axe
 i - the +∞ Axe of Woe (weapon)
   (You found it in the Dungeon)
Scrolls
 h - a scroll of blinking
Potions
 c - a potion of curing
 d - a potion of heal wounds
 e - a potion of haste
 f - 2 potions of magic
 g - a potion of berserk rage
Comestibles
 b - a bread ration


   Skills:
 O Level 27 Fighting
 O Level 27 Axes
 O Level 27 Throwing
 O Level 27 Dodging
 O Level 27 Stealth
 O Level 27 Unarmed Combat
 O Level 27 Spellcasting
 O Level 27 Invocations


You had 80 spell levels left.
You didn't know any spells.

Dungeon Overview and Level Annotations

Branches:
Dungeon (1/1)

Altars:
Makhleb


Innate Abilities, Weirdness & Mutations

You can breathe blasts of scalding, opaque steam.
Your pale cyan-grey scales are hard. (AC +13)
You cannot fit into any form of body armour.
You are cold-blooded and may be slowed by cold attacks.


Message History

The meat berserker convulses!
The eight-headed meat hydra calls on the powers of darkness!
The eight-headed meat hydra convulses!
The bag of meat convulses!
The meat berserker convulses!
The bag of meat convulses!
A bag of meat comes into view. It is wielding a +9 war axe.
The bag of meat shouts!
The bag of meat convulses! x2; Your body is wracked with pain!
* * * LOW HITPOINT WARNING * * *
The meat berserker convulses!
You hear a shout! 2 orcs and an ogre come into view.
A hydra and 2 orcs come into view.
The eight-headed meat hydra roars!
The meat berserker hits you with a +9 battleaxe!!!
* * * LOW HITPOINT WARNING * * *
You hear a shout! x3
The bag of meat completely misses you.
You hear a shout! x4
The meat berserker hits you with a +9 battleaxe!!!
You die...

o............o
.....%...{..o
....%.......
......%...%
.........O
#...O...# .
#%....)O# ..o
.###.o..)))###..o2
..%..§###§@oo..o.o
...%W§D§§)O......
%.#..§%§#.%...%%
#§.<)o#....D%.
#...%)#...o%.#
......_...%......
.....%###.........
.###.. ...###..%o
#.. ...# ....


You could see a meat beast (wandering), 2 eight-headed meat hydras, a dread, 4
meat berserkers and 10 bags of meat.

Vanquished Creatures
  2 hell beasts (D)
  3 greater mummies (D)
  2 wraiths (D)
  12 vampire knights (D)
  28 ogres (D)
  4 liches (D)
  58 orcs (D)
  9 hill giants (D)
  6 skeletal warriors (D)
  3 large abominations (D)
  8 small abominations (D)
  8 crawling corpses (D)
143 creatures vanquished.

Vanquished Creatures (others)
  A small abomination (D)
  3 crawling corpses (D)
4 creatures vanquished.

Grand Total: 147 creatures vanquished

Notes
Turn   | Place    | Note
-------+----------+-------------------------------------------
     0 | D        | Groucho the Draconian Berserker began the quest for the Orb.
     0 | D        | Reached XP level 1. HP: 19/19 MP: 1/1
     3 | D        | Noticed a meat berserker
     4 | D        | Noticed a bag of meat
     4 | D        | Fell from the grace of Trog
     4 | D        | Became a worshipper of Makhleb the Destroyer
     5 | D        | Noticed a bag of meat
     8 | D        | Noticed a bag of meat
     8 | D        | Noticed a bag of meat
     8 | D        | Killed a meat berserker
     8 | D        | Reached XP level 2. HP: 50/50 MP: 2/2
     8 | D        | Reached XP level 3. HP: 57/57 MP: 3/3
     8 | D        | Reached XP level 4. HP: 64/64 MP: 4/4
     8 | D        | Reached XP level 5. HP: 71/71 MP: 5/5
     8 | D        | Reached XP level 6. HP: 80/80 MP: 6/6
     8 | D        | Your scales start taking on a pale cyan-grey colour.
     8 | D        | Reached XP level 7. HP: 86/86 MP: 7/7
     8 | D        | Reached XP level 8. HP: 94/94 MP: 8/8
     8 | D        | Reached XP level 9. HP: 101/101 MP: 9/9
     8 | D        | Reached XP level 10. HP: 108/108 MP: 10/10
     8 | D        | Reached XP level 11. HP: 116/116 MP: 11/11
     8 | D        | Reached XP level 12. HP: 124/124 MP: 12/12
     8 | D        | Reached XP level 13. HP: 130/130 MP: 13/13
     9 | D        | Noticed a bag of meat
     9 | D        | Killed a bag of meat
     9 | D        | Reached * piety under Makhleb
    10 | D        | Noticed a bag of meat
    10 | D        | Killed a bag of meat
    10 | D        | Reached XP level 14. HP: 146/146 MP: 14/14
    10 | D        | Killed a bag of meat
    11 | D        | Noticed a bag of meat
    11 | D        | Noticed a bag of meat
    12 | D        | Killed a bag of meat
    12 | D        | Reached ** piety under Makhleb
    12 | D        | Reached XP level 15. HP: 157/157 MP: 15/15
    15 | D        | Noticed a meat berserker
    16 | D        | Noticed a meat berserker
    16 | D        | Reached skill level 27 in Axes
    18 | D        | Reached *** piety under Makhleb
    18 | D        | Reached skill level 27 in Dodging
    18 | D        | Reached XP level 16. HP: 174/174 MP: 16/16
    19 | D        | Killed a meat berserker
    19 | D        | Reached skill level 27 in Fighting
    20 | D        | Reached skill level 15 in Invocations
    20 | D        | Reached XP level 17. HP: 191/191 MP: 16/28
    21 | D        | Killed a meat berserker
    22 | D        | Noticed a meat berserker
    22 | D        | Noticed a meat berserker
    22 | D        | Killed a meat berserker
    22 | D        | Reached **** piety under Makhleb
    22 | D        | Reached XP level 18. HP: 200/200 MP: 16/34
    25 | D        | Noticed a meat berserker
    26 | D        | Noticed a meat berserker
    26 | D        | Noticed a destroyer
    27 | D        | Noticed a meat berserker
    27 | D        | Noticed a destroyer
    27 | D        | Noticed a large bag of meat
    27 | D        | Killed a meat berserker
    27 | D        | Reached skill level 27 in Invocations
    28 | D        | Noticed a meat berserker
    29 | D        | Noticed a large bag of meat
    29 | D        | Killed a meat berserker
    29 | D        | Reached skill level 27 in Unarmed Combat
    29 | D        | Reached XP level 19. HP: 207/207 MP: 17/36
    29 | D        | Reached skill level 15 in Throwing
    29 | D        | Reached skill level 15 in Spellcasting
    29 | D        | Reached ***** piety under Makhleb
    30 | D        | Killed a meat berserker
    30 | D        | Killed a destroyer
    30 | D        | Reached XP level 20. HP: 216/216 MP: 18/48
    31 | D        | Noticed a meat berserker
    32 | D        | Noticed a destroyer
    32 | D        | Killed a meat berserker
    32 | D        | Reached skill level 27 in Throwing
    32 | D        | Reached skill level 27 in Spellcasting
    33 | D        | Noticed a destroyer
    33 | D        | Killed a destroyer
    33 | D        | Reached XP level 21. HP: 224/224 MP: 18/52
    34 | D        | Killed a destroyer
    34 | D        | Reached ****** piety under Makhleb
    34 | D        | Reached skill level 27 in Stealth
    34 | D        | Reached XP level 22. HP: 233/233 MP: 19/53
    37 | D        | Noticed a destroyer
    37 | D        | Reached XP level 23. HP: 240/240 MP: 19/54
    40 | D        | Noticed a destroyer
    41 | D        | Reached XP level 24. HP: 249/249 MP: 20/54
    42 | D        | Killed a destroyer
    42 | D        | Reached XP level 25. HP: 257/257 MP: 21/54
    43 | D        | Noticed a destroyer
    43 | D        | Noticed a destroyer
    43 | D        | Killed a destroyer
    46 | D        | Noticed an accursed
    46 | D        | Killed a destroyer
    46 | D        | Reached XP level 26. HP: 266/266 MP: 22/54
    48 | D        | Noticed a destroyer
    48 | D        | Noticed a tyrant
    49 | D        | Reached XP level 27. HP: 273/273 MP: 22/54
    51 | D        | Noticed a destroyer
    52 | D        | Noticed a tyrant
    52 | D        | Noticed a destroyer
    54 | D        | Killed a destroyer
    54 | D        | Killed a destroyer
    55 | D        | Noticed a tyrant
    57 | D        | Noticed an accursed
    58 | D        | Killed a destroyer
    61 | D        | Killed a tyrant
    61 | D        | Killed a destroyer
    63 | D        | Noticed a meat beast
    63 | D        | Noticed an accursed
    63 | D        | Killed a destroyer
    64 | D        | Killed an accursed
    65 | D        | Killed a tyrant
    66 | D        | Killed a meat beast
    68 | D        | Noticed a tyrant
    68 | D        | Killed a tyrant
    69 | D        | Noticed a dread
    69 | D        | Noticed a dread
    69 | D        | Killed a dread
    71 | D        | Noticed a meat beast
    72 | D        | Noticed a destroyer
    73 | D        | Killed an accursed
    75 | D        | Killed an accursed
    76 | D        | Killed a meat beast
    76 | D        | Killed a destroyer
    80 | D        | Noticed a dread
    82 | D        | Killed a dread
    84 | D        | Killed a tyrant
    86 | D        | HP: 6/270 [meat berserker/+9 battleaxe (63)]
    86 | D        | Annihilated by a meat berserker

Skill      XL: |  1  2  3  4  5  6  7  8  9 10 11 12 13 14 15 16 17 18 19 20 21 |
---------------+----------------------------------------------------------------+-----
Fighting       | 16 19 20 24 27 | 27.0
Axes           | 20 23 25 27 | 27.0
Dodging        | 19 21 23 27 | 27.0
Unarmed Combat | 14 22 27 | 27.0
Invocations    | 15 24 27 | 27.0
Throwing       | 12 24 27 | 27.0
Spellcasting   | 12 24 27 | 27.0
Stealth        | 22 27 | 27.0

Action                   |  1- 3 |  4- 6 |  7- 9 | 10-12 | 13-15 | 16-18 | 19-21 | 22-24 | 25-27 || total
-------------------------+-------+-------+-------+-------+-------+-------+-------+-------+-------++-------
Melee: Executioner's axe |     1 |       |       |       |     6 |     6 |     4 |     7 |    42 ||    66
Dodge: Dodged            |     1 |       |       |       |     1 |     2 |       |     1 |     1 ||     6
